 Dungeon Crawl Stone Soup version 0.18-a0-1683-gf9322e6 (webtiles) character file.

236 Gorice the Stinger (level 5, 0/35 HPs)
             Began as a Demonspawn Venom Mage on Apr 3, 2016.
             Killed from afar by an orc wizard (2 damage)
             ... with a puff of flame
             ... on level 4 of the Dungeon.
             The game lasted 00:16:33 (3589 turns).

Gorice the Stinger (Demonspawn Venom Mage)          Turns: 3589, Time: 00:16:34

Health: 0/35       AC:  6    Str: 13    XL:     5   Next: 77%
Magic:  0/9        EV: 11    Int: 23    God:
Gold:   140        SH:  0    Dex: 13    Spells: 3 memorised, 4 levels left

rFire  . . .     SeeInvis .     p - -1 dagger (curse)
rCold  . . .     Gourm    .     g - +0 ring mail
rNeg   . . .     Faith    .     (no shield)
rPois  .         Spirit   +     (helmet restricted)
rElec  .         Dismiss  .     w - +0 cloak
rCorr  .         Reflect  .     (no gloves)
SustAt .         Harm     .     (no boots)
MR     .....                    (no amulet)
Stlth  +.........               x - +5 ring of strength
                                y - +5 ring of intelligence

@: not resistant to hostile enchantments, very unstealthy
A: horns 1, magic shield, sturdy frame 1
a: no special abilities


You were on level 4 of the Dungeon.
You were not hungry.

You visited 1 branch of the dungeon, and saw 4 of its levels.

You collected 140 gold pieces.

Inventory:

Hand Weapons
 h - a +0 dagger
 n - a cursed -3 short sword
 p - a cursed -1 dagger (weapon)
 v - a +0 spear
 B - a +0 blowgun
 D - a cursed -1 spear
 E - a +0 flail
Missiles
 f - 11 tomahawks (quivered)
 m - 39 poisoned needles
 z - 43 sling bullets
 Z - 104 stones
Armour
 a - a +0 robe
 g - a +0 ring mail (worn)
 k - a +0 chain mail
 w - a +0 cloak (worn)
Jewellery
 t - a +2 ring of dexterity
 x - a +5 ring of strength (right hand)
 y - a +5 ring of intelligence (left hand)
Potions
 e - 2 potions of brilliance {!q}
 j - a potion of haste {unknown}
 r - a potion of degeneration {unknown}
Books
 b - a Young Poisoner's Handbook
 s - a book of the Warp
 u - a book of the Warp
Comestibles
 c - 2 bread rations {!e}
 d - 4 fruits
 l - a beef jerky
 q - 6 chunks of flesh
 A - 3 meat rations {!e}


   Skills:
 - Level 1.7 Dodging
 - Level 1.7 Stealth
 + Level 3.3 Spellcasting
 * Level 3.9 Conjurations
 + Level 4.9 Poison Magic


You had 4 spell levels left.
You knew the following spells:

 Your Spells              Type           Power        Failure   Level  Hunger
a - Sting                 Conj/Pois      ###.         2%          1    None
b - Cure Poison           Pois           ####......   3%          2    ##.....
c - Mephitic Cloud        Conj/Pois/Air  ###.....     17%         3    ###....


Dungeon Overview and Level Annotations

Branches:
Dungeon (4/15)
 Temple: D:4-7

Altars:
Qazlal


Innate Abilities, Weirdness & Mutations

You have a pair of small horns on your head.
When hurt, damage is shared between your health and your magic reserves.
Your movements are slightly less encumbered by armour (ER -2).


Message History

You're too confused to attack without stumbling around!
You bump into the rock wall.
Something hits you but does no damage.
You completely miss something. Your headbutt misses something.
You hear some strange, mumbled words.
You are more confused.
You closely miss something.
You hear some strange, mumbled words.
A magic dart appears from out of thin air!
The magic dart hits you!
* * * LOW HITPOINT WARNING * * *
Damage: 5 (max 6)
You barely miss something. Something hits you but does no damage.
You bump into the rock wall.
Something hits you.
* * * LOW HITPOINT WARNING * * *
Damage: 1 (max 6)
Something hits you.
* * * LOW HITPOINT WARNING * * *
Damage: 1 (max 1) Drink which item? (? for menu, Esc to quit)
You feel better. Something hits you but does no damage.
You hit something but do no damage. Something hits you but does no damage.
You closely miss something.
You hear some strange, mumbled words.
A puff of flame appears from out of thin air!
The puff of flame hits you!
* * * LOW HITPOINT WARNING * * *
Damage: 5 (max 5)
You hit something but do no damage. Your headbutt misses something.
Something hits you but does no damage.
You closely miss something. Your headbutt misses something.
Something hits you but does no damage.
You hit something but do no damage. Your headbutt misses something.
You hear some strange, mumbled words.
Something tries to affect you, but you resist.
You hit something. Your headbutt misses something.
You hear some strange, mumbled words.
A puff of flame appears from out of thin air!
The puff of flame hits you!
* * * LOW HITPOINT WARNING * * *
Damage: 3 (max 3)
You miss something. Something hits you.
* * * LOW HITPOINT WARNING * * *
Damage: 2 (max 2)
You hit something but do no damage. Something hits you but does no damage.
You closely miss something. Something hits you but does no damage.
You closely miss something.
You hear some strange, mumbled words.
A puff of flame appears from out of thin air!
The puff of flame hits you!
You die...

#.# #.#.##.#... #..
...#)##.#### ###
#####)##.#
#.##.#### #.##.....
##.#######
#.........
##########..####..#
#.@.....##..####.
#.#...............
#(#.#.#).#........
#(.......#...####.
###.#.##......#
#...†.##.#...##
#.#.####.##.##
#.#[# #.# .# # #..
..# .#


There were no monsters in sight!

Vanquished Creatures
  An orc priest (D:4)
  2 worker ants (D:4)
  8 gnolls
  2 adders
  A worm (D:3)
  A dart slug (D:1)
  2 giant geckos
  4 orcs
  6 bats
  2 giant cockroaches
  7 goblins
  5 hobgoblins
  A ball python (D:1)
  3 giant newts
  8 kobolds
  9 rats
62 creatures vanquished.

Notes
Turn   | Place    | Note
--------------------------------------------------------------
     0 | D:1      | Gorice the Demonspawn Venom Mage began the quest for the Orb.
     0 | D:1      | Reached XP level 1. HP: 13/13 MP: 3/3
   226 | D:1      | Gained mutation: Your movements are slightly less encumbered by armour (ER -2). [demonic ancestry]
   226 | D:1      | Reached XP level 2. HP: 14/19 MP: 1/5
   254 | D:1      | Reached skill level 1 in Conjurations
  1217 | D:1      | Learned a level 2 spell: Cure Poison
  1220 | D:2      | Found a stormy altar of Qazlal.
  1287 | D:2      | Reached XP level 3. HP: 22/24 MP: 4/6
  1749 | D:2      | Reached skill level 2 in Conjurations
  2777 | D:3      | Learned a level 3 spell: Mephitic Cloud
  2821 | D:3      | Gained mutation: You have a pair of small horns on your head. [demonic ancestry]
  2821 | D:3      | Reached XP level 4. HP: 30/30 MP: 1/7
  3383 | D:4      | Reached skill level 3 in Conjurations
  3421 | D:4      | Reached skill level 3 in Spellcasting
  3421 | D:4      | Gained mutation: When hurt, damage is shared between your health and your magic reserves. [demonic ancestry]
  3421 | D:4      | Reached XP level 5. HP: 27/35 MP: 6/9
  3556 | D:4      | HP: 13/52 [orc wizard/magic dart (7)]
  3574 | D:4      | HP: 5/35 [something/magic dart (5)]
  3581 | D:4      | HP: 7/35 [something/puff of flame (5)]
  3586 | D:4      | HP: 2/35 [something (2)]
  3589 | D:4      | Killed from afar by an orc wizard

Vault maps used:
D:1:      dpeg_arrival_orchard, serial_bayou, serial_bayou_pond_b,
          serial_bayou_pond_e, serial_bayou_lagoon_a, serial_bayou_shore_a
D:2:      grunt_qazlal_sundering
D:3:      first_bread, minmay_misc_feat_rows
D:4:      lightli_sewer_entry_pipes, st_stairs_6, uniq_crazy_yiuf_cottage

Skill      XL: |  1  2  3  4 |
---------------+-------------+-----
Conjurations   | 1 2 3 |  3.9
Spellcasting   | 3 |  3.3
Dodging        | |  1.7
Stealth        | |  1.7
Poison Magic   | |  4.9

Action                   |  1- 3 |  4- 6 || total
-------------------------+-------+-------++-------
Melee: Unarmed           |    15 |       ||    15
       Dagger            |     7 |    45 ||    52
Throw: Tomahawk          |       |    24 ||    24
       Javelin           |       |     5 ||     5
 Cast: Sting             |    82 |    32 ||   114
  Use: Scroll            |     6 |     1 ||     7
       Potion            |       |     3 ||     3
  Eat: Chunk             |     7 |     2 ||     9

Table legend:
 A = Turns spent in this place as a percentage of turns spent in the entire game.
 B = Non-inter-level travel turns spent in this place as a percentage of non-inter-level travel turns spent in the entire game.
 C = Inter-level travel turns spent in this place as a percentage of turns spent in this place.
 D = Turns resting spent in this place as a percentage of non-inter-level travel turns spent in this place.
 E = Turns spent auto-exploring this place as a percentage of non-inter-level travel turns spent in this place.
 F = Non-inter-level travel turns spent in this place divided by the number of levels of this place that you've seen.
                   A       B       C       D       E      F
               +-------+-------+-------+-------+-------+----------------------
         Total | 100.0 | 100.0 |   0.7 |   2.9 |   6.3 | 246.8
       Dungeon | 100.0 | 100.0 |   0.7 |   2.9 |   6.3 | 246.8
               +-------+-------+-------+-------+-------+----------------------

Vault maps used:
D:1:      dpeg_arrival_orchard, serial_bayou, serial_bayou_pond_b,
          serial_bayou_pond_e, serial_bayou_lagoon_a, serial_bayou_shore_a
D:2:      grunt_qazlal_sundering
D:3:      first_bread, minmay_misc_feat_rows
D:4:      lightli_sewer_entry_pipes, st_stairs_6, uniq_crazy_yiuf_cottage
